 Dungeon Crawl Stone Soup version 0.16.2-2-g470672f (webtiles) character file.

3697 monobi the Blocker (level 9, 0/61 (64) HPs)
             Began as a Grey Draconian Transmuter on Sept 3, 2015.
             Killed from afar by Harold (34 damage)
             ... with a bolt of fire
             ... on level 10 of the Dungeon.
             The game lasted 00:35:07 (7632 turns).

monobi the Blocker (Grey Draconian Transmuter)      Turns: 7632, Time: 00:35:07

HP:   0/61 (64)     AC: 13    Str: 17    XL:     9   Next: 90%
MP:   15/15         EV: 12    Int: 14    God:
Gold: 454           SH: 17    Dex: 12    Spells: 1 memorised, 11 levels left

rFire  . . .     SeeInvis .     l - +2 dagger (distort)
rCold  . . .     Clarity  .     (armour unavailable)
rNeg   . . .     SustAb   .     o - +1 large shield (curse)
rPois  .         Gourm    .     (helmet restricted)
rElec  .         Spirit   .     y - +0 cloak
rCorr  .         Warding  .     (no gloves)
rMut   .         Stasis   .     (no boots)
MR     .....                    N - amulet of regeneration
Stlth  +++.......               H - ring of stealth
                                F - +2 ring of strength

@: not resistant to hostile enchantments, fairly stealthy
A: walk through water, unfitting armour, unbreathing, cold-blooded, AC +12
a: no special abilities


You were on level 10 of the Dungeon.
You were not hungry.

You visited 2 branches of the dungeon, and saw 11 of its levels.
You also visited: Ossuary.

You collected 454 gold pieces.

Inventory:

Hand weapons
 k - a +0 falchion of electrocution
 l - a +2 dagger of distortion (weapon)
 t - a +0 hand crossbow
 u - a +0 dagger of venom
 G - a +2 antimagic flail
 R - a +1 short sword of speed
Missiles
 b - 211 arrows (quivered)
 z - 27 bolts
 A - 12 poisoned arrows
Armour
 o - a cursed +1 large shield (worn)
 y - a +0 cloak (worn)
Jewellery
 f - an uncursed amulet of guardian spirit
 s - a +6 ring of intelligence
 F - a +2 ring of strength (left hand)
 H - a ring of stealth (right hand)
 N - an amulet of regeneration (around neck)
 V - an uncursed ring of sustain abilities {unknown}
 Y - an uncursed amulet of clarity {unknown}
Magical devices
 h - a wand of frost (15)
 q - a wand of fireball (5)
 r - a wand of random effects (24)
 S - a wand of lightning (3)
Scrolls
 a - 5 scrolls of enchant armour
 g - 12 scrolls of identify
 m - 3 scrolls of teleportation
 x - 2 scrolls of remove curse
 I - a scroll of random uselessness {unknown}
 J - a scroll of magic mapping
 O - 2 scrolls of fear {unknown}
 P - a scroll of fog {unknown}
 Q - a scroll of summoning {unknown}
 T - 4 scrolls of recharging {unknown}
Potions
 c - 2 potions of agility {unknown}
 e - a potion of cancellation {unknown}
 i - 3 potions of heal wounds {unknown}
 p - a potion of mutation {unknown}
 v - a potion of cure mutation {unknown}
 w - a potion of brilliance {unknown}
 D - a potion of lignification {unknown}
 E - 3 potions of ambrosia {unknown}
 K - 2 potions of flight {unknown}
 L - a potion of resistance {unknown}
 M - a potion of beneficial mutation {unknown}
 X - a potion of haste {unknown}
Books
 d - a book of Changes

   Spells                             Type                      Level
   a - Beastly Appendage              Transmutation                1
   b - Sticks to Snakes               Transmutation                2
   c - Spider Form                    Transmutation/Poison         3
   d - Ice Form                       Ice/Transmutation            4
   e - Blade Hands                    Transmutation                5
 B - a book of Conjurations

   Spells                             Type                      Level
   a - Magic Dart                     Conjuration                  1
   b - Searing Ray                    Conjuration                  2
   c - Dazzling Spray                 Conjuration/Hexes            3
   d - Fulminant Prism                Conjuration/Hexes            4
   e - Iskenderun's Mystic Blast      Conjuration                  4
   f - Iskenderun's Battlesphere      Conjuration/Charms           5
Comestibles
 j - 3 meat rations
 n - 6 fruits
 C - a beef jerky
 U - a slice of pizza
 W - a royal jelly
 Z - 3 bread rations


   Skills:
 * Level 1.1 Fighting
 + Level 5.1 Short Blades
 + Level 6.9 Dodging
 + Level 2.5 Stealth
 + Level 8.5 Shields
 - Level 3.6 Unarmed Combat
 - Level 2.1 Spellcasting
 * Level 6.1 Transmutations


You had 11 spell levels left.
You knew the following spells:

 Your Spells              Type           Power        Failure   Level  Hunger
a - Beastly Appendage     Trmt           ###...       17%         1    #......


Dungeon Overview and Level Annotations

Branches:
Dungeon (10/15)            Temple (1/1) D:7
   Lair: D:8-11         Orc: D:9-12

Altars:
Ashenzari
Cheibriados
Dithmenos
Elyvilon
Fedhas
Gozag
Kikubaaqudgha
Makhleb
Nemelex Xobeh
Okawaru
Qazlal
Ru
Sif Muna
Trog
Vehumet
Xom
Yredelemnul
Zin
The Shining One

Shops:
D:9 ?

Annotations:
D:5 Duvessa, Edmund
D:10 Harold
Abyss:1 Dowan, Grinder


Innate Abilities, Weirdness & Mutations

You can walk through water.
Your dull iron-grey scales are very hard (AC +12).
Your body does not fit into most forms of armour.
You can survive without breathing.
Your cold-blooded metabolism reacts poorly to cold.


Message History

The kobold hits you.
Harold casts a spell.
Harold blinks!
You barely miss the kobold.
Your tail-slap misses the kobold.
You block the kobold's attack.
You hit the kobold.
Space warps horribly around the kobold!
You kill the kobold!
The kobold throws a stone.
You block the stone.
You swing at nothing.
You swing at nothing.
You hit the kobold but do no damage. The kobold barely misses you.
You hit the kobold but do no damage.
The kobold is devoured by a tear in reality.
Harold points at you and mumbles some strange words.
The bolt of fire hits you!
You closely miss the kobold. You block the kobold's attack.
Harold casts a spell at you. The bolt of fire hits you!
Ouch! That really hurt!
You die...

#....... ...
#........
......##........
#..)...+....@..).
#......##.........
#......##(......KK
#....<.##.#####.#.
#......##K#
#......##@#
#....).##.#####
#.......@.....#
#.....(^......#
####..(.......#
#..........#
#..........#
######†.......
########


You could see Harold and a kobold.

Vanquished Creatures
  A gargoyle (D:7)
  A komodo dragon (D:10)
  The ghost of monobi the Ducker, an average DsGl of Nemelex Xobeh (D:5)
  A spriggan (D:9)
  A hungry ghost (D:9)
  An ice beast (D:5)
  An orc warrior (D:7)
  A necrophage (D:9)
  2 ogres
  2 sky beasts
  4 centaurs
  A phantom (D:6)
  A giant frog (D:9)
  A wight (D:9)
  2 goliath beetles
  A crimson imp (D:5)
  A centaur zombie (Ossuary)
  2 jellies
  A human zombie (Ossuary)
  A centaur skeleton (D:9)
  6 hounds
  A giant frog skeleton (D:10)
  2 worker ants
  An iguana (D:8)
  5 orc wizards
  2 big kobold zombies (Ossuary)
  A hound skeleton (D:6)
  A mummy (Ossuary)
  8 adders
  3 shadow imps
  3 worms
  An adder zombie (Ossuary)
  2 oozes
  15 orcs
  3 ball pythons
  13 bats
  5 giant cockroaches
  11 goblins
  14 hobgoblins
  4 jackals (D:9)
  4 quokkas
  4 giant geckos
  4 giant newts (D:2)
  9 hobgoblin zombies (Ossuary)
  A jackal zombie (Ossuary)
  19 kobolds
  11 kobold zombies (Ossuary)
  4 orc zombies (Ossuary)
  21 rats
205 creatures vanquished.

Vanquished Creatures (others)
  2 ogres
  2 ice beasts (D:7)
  A centaur (D:6)
  A big kobold (D:10)
  2 wights (D:9)
  An orc priest (D:7)
  An orc wizard (D:7)
  A hound (D:9)
  A worker ant (D:7)
  An iguana (D:6)
  A gnoll (D:5)
  A giant gecko (D:3)
  A bat skeleton (D:8)
  A giant cockroach (D:2)
  A kobold (D:10)
  A hobgoblin zombie (Ossuary)
19 creatures vanquished.

Grand Total: 224 creatures vanquished

Notes
Turn   | Place    | Note
--------------------------------------------------------------
     0 | D:1      | monobi, the Draconian Transmuter, began the quest for the Orb.
     0 | D:1      | Reached XP level 1. HP: 16/16 MP: 3/3
   367 | D:1      | Reached XP level 2. HP: 23/23 MP: 4/4
   966 | D:2      | Reached XP level 3. HP: 25/28 MP: 6/6
  1195 | D:2      | Found a shattered altar of Ashenzari.
  1203 | D:2      | Found a shimmering altar of Xom.
  1444 | D:2      | Found a white marble altar of Elyvilon.
  1654 | D:2      | Reached XP level 4. HP: 32/35 MP: 7/7
  1975 | D:3      | Reached skill level 1 in Shields
  2459 | D:5      | Entered Level 5 of the Dungeon
  2459 | D:5      | Noticed an ogre
  2468 | D:5      | Killed an ogre
  2468 | D:5      | Reached XP level 5. HP: 36/40 MP: 9/9
  2486 | D:5      | Reached skill level 1 in Short Blades
  2497 | D:5      | Found a bloodstained altar of Trog.
  2601 | D:5      | Noticed monobi's ghost (average DsGl)
  2631 | D:5      | Killed monobi's ghost
  2631 | D:5      | Reached skill level 4 in Dodging
  2631 | D:5      | Reached XP level 6. HP: 23/47 MP: 10/10
  3230 | D:6      | Noticed Duvessa
  3230 | D:6      | Noticed Dowan
  3230 | D:6      | Noticed Edmund
  3308 | D:5      | Your scales start taking on a dull iron-grey colour.
  3308 | D:5      | Gained mutation: You can survive without breathing. [draconian maturity]
  3308 | D:5      | Reached XP level 7. HP: 40/52 MP: 12/12
  3326 | D:5      | Banished Dowan
  3329 | D:5      | HP: 1/52 [Duvessa/short sword of freezing (4)]
  3336 | D:6      | Found a radiant altar of Vehumet.
  3607 | D:6      | Noticed Grinder
  3701 | D:6      | Reached skill level 1 in Stealth
  3725 | D:6      | Paralysed by Grinder for 3 turns
  3806 | D:6      | Found an opulent altar of Gozag.
  3875 | D:6      | Paralysed by Grinder for 5 turns
  4010 | D:6      | Found a burning altar of Makhleb.
  4325 | D:6      | Paralysed by Grinder for 5 turns
  4333 | D:6      | Paralysed by Grinder for 7 turns
  4374 | D:6      | Banished Grinder
  4374 | D:6      | Reached skill level 5 in Dodging
  4374 | D:6      | Reached skill level 5 in Shields
  4374 | D:6      | Reached XP level 8. HP: 37/59 MP: 10/13
  4831 | D:7      | Found an iron altar of Okawaru.
  4831 | D:7      | Found a stormy altar of Qazlal.
  4882 | D:7      | Reached skill level 6 in Shields
  4945 | D:7      | Found a sand-covered staircase.
  4957 | D:7      | Noticed a gargoyle
  4964 | D:7      | Killed a gargoyle
  4964 | D:7      | Reached skill level 5 in Transmutations
  4971 | Ossuary  | Entered an ossuary
  5204 | Ossuary  | Reached XP level 9. HP: 36/64 MP: 15/15
  5580 | D:7      | Reached skill level 7 in Shields
  5595 | D:7      | Found a staircase to the Ecumenical Temple.
  5736 | Temple   | Entered the Ecumenical Temple
  6229 | D:8      | Found a glowing golden altar of the Shining One.
  6495 | D:8      | Found a shadowy altar of Dithmenos.
  6909 | D:9      | Found Venurux's Magic Scroll Emporium.
  7211 | D:9      | Reached skill level 8 in Shields
  7582 | D:10     | Entered Level 10 of the Dungeon
  7582 | D:10     | Noticed a komodo dragon
  7586 | D:10     | Killed a komodo dragon
  7586 | D:10     | Reached skill level 5 in Short Blades
  7601 | D:10     | Noticed Harold
  7632 | D:10     | Killed from afar by Harold

Action                   |  1- 3 |  4- 6 |  7- 9 || total
-------------------------+-------+-------+-------++-------
Melee: Unarmed           |    86 |       |       ||    86
       Dagger            |    74 |   175 |   507 ||   756
  Use: Scroll            |     8 |     3 |     5 ||    16
       Potion            |       |       |     5 ||     5
 Stab: Sleeping          |       |       |     4 ||     4
  Eat: Bread ration      |     1 |     1 |     2 ||     4
       Pizza             |       |     1 |       ||     1
       Beef jerky        |       |       |     1 ||     1
       Meat ration       |       |       |     1 ||     1
